 Dungeon Crawl Stone Soup version 0.25-a0-294-gea9b1ad378 (webtiles) character file.

Game seed: 3106952979108188386, levelgen mode: classic

1252 Borgoz the Slicer (level 8, -5/51 HPs)
             Began as a Kobold Gladiator on Dec 16, 2019.
             Was a Follower of Ashenzari.
             Slain by a gnoll
             ... wielding a +0 spear
              (10 damage)
             ... on level 6 of the Dungeon.
             The game lasted 00:11:37 (6158 turns).

Borgoz the Slicer (Kobold Gladiator)                Turns: 6158, Time: 00:11:37

Health: -5/51      AC:  8    Str: 12    XL:     8   Next: 80%
Magic:  8/8        EV: 19    Int: 10    God:    Ashenzari [*.....]
Gold:   110        SH:  0    Dex: 17    Spells: 4/7 levels left

rFire    . . .     SeeInvis .   a - +2 short sword (venom)
rCold    . . .     Gourm    .   (shield restricted)
rNeg     . . .     Faith    .   k - +3 leather armour
rPois    .         Spirit   .   c - +0 helmet
rElec    .         Reflect  .   (no cloak)
rCorr    .         Harm     .   v - +0 pair of gloves
MR       .....                  (no boots)
Stlth    +.........             (no amulet)
HPRegen  0.17/turn              (no ring)
MPRegen  0.11/turn              (no ring)

@: no status effects
A: small, carnivore
a: Curse Item, Scrying, Renounce Religion


You were on level 6 of the Dungeon.
You worshipped Ashenzari.
Ashenzari was aware of your devotion.
You were completely stuffed.

You visited 2 branches of the dungeon, and saw 7 of its levels.
You also visited: Sewer and Ossuary.

You collected 344 gold pieces.
You spent 234 gold pieces at shops.

Inventory:

Hand Weapons
 a - a +2 short sword of venom (weapon)
 b - a +0 rapier
Missiles
 d - a throwing net (quivered)
Armour
 c - a +0 helmet (worn)
 k - a +3 leather armour (worn)
 v - a +0 pair of gloves (worn)
 D - a +1 chain mail of magic resistance
Jewellery
 e - an uncursed ring of ice
 E - an uncursed ring of protection from cold
Wands
 n - a wand of iceblast (7)
 y - a wand of clouds (5)
 F - a wand of flame (21)
Scrolls
 h - a scroll of brand weapon {unknown}
 i - 3 scrolls of amnesia {unknown}
 o - 2 scrolls of magic mapping {unknown}
 s - 2 scrolls of teleportation
 t - a scroll of blinking
 x - a scroll of acquirement {unknown}
 A - a scroll of fog {unknown}
 B - 2 scrolls of remove curse
 C - a scroll of enchant armour {unknown}
Potions
 g - a potion of brilliance
 j - 5 potions of flight
 l - a potion of resistance
 m - a potion of heal wounds
 p - 6 potions of degeneration {unknown}
 q - 2 potions of might
 r - 4 potions of curing
 u - 2 potions of lignification
 w - a potion of haste
 z - 2 potions of mutation {unknown}
 G - a potion of magic {unknown}
Comestibles
 f - 9 rations


   Skills:
 + Level 6.1 Fighting
 + Level 8.0 Short Blades
 - Level 2.1 Throwing
 + Level 3.1 Armour
 + Level 7.1 Dodging


You had 4 spell levels left.
You knew the following spells:

 Your Spells              Type           Power        Failure   Level  Hunger
a - Confuse               Hex            #.......     82%         3    ####...

Your spell library contained the following spells:

 Spells                   Type           Power        Failure   Level  Hunger
 Corona                   Hex            #......      43%         1    ##.....
 Ensorcelled Hibernation  Hex/Ice        #.....       58%         2    ###....
 Dazzling Flash           Conj/Hex       #.....       82%         3    ####...
 Tukima's Dance           Hex            #.......     82%         3    ####...


Dungeon Overview and Level Annotations

Branches:
Dungeon (6/15)             Temple (1/1) D:4           Sewer (visited)
Ossuary (visited)

Altars:
Ashenzari
Cheibriados
Dithmenos
Elyvilon
Fedhas
Gozag
Hepliaklqana
Kikubaaqudgha
Nemelex Xobeh
Okawaru
Ru
Trog
Vehumet
Wu Jian
Xom
Yredelemnul
Zin
The Shining One

Shops:
D:5 (


Innate Abilities, Weirdness & Mutations

You are small and have problems with some larger weapons.
You are carnivorous and can eat meat at any time.


Message History

You hit the gnoll.
The gnoll looks as sick as possible!
The gnoll is severely wounded.
You kill the gnoll!
The gnoll hits you from afar with a +0 spear.
* * * LOW HITPOINT WARNING * * *
You hit the ogre.
The ogre is poisoned.
The ogre is lightly wounded.
The ogre closely misses you.
You closely miss the ogre.
The ogre is lightly wounded.
The gnoll hits you from afar with a +0 spear.
* * * LOW HITPOINT WARNING * * *
Throwing (i - inventory)
d - 2 throwing nets (quivered)
Press: ? - help, Shift-Dir - straight line, f - ogre
Aim: an ogre, wielding a +0 giant club (lightly wounded, very poisoned)
You throw a throwing net. The throwing net hits the ogre.
The ogre is caught in the net!
The ogre is lightly wounded.
The gnoll hits you from afar with a +0 spear!
You die...

?$# #.........#
..#########.........#
#.......#......(.....
#.................#
... .... #..?...#
.##..... #......#
....# #...g.%# .#..#
#####O## <# ... #@#
## . #.# #.. . ....
## ##.## .# .. #.


You could see an ogre (caught) and a gnoll.

Vanquished Creatures
  Grinder (D:3)
  A wraith (Ossuary)
  A phantom (D:5)
  A big kobold (Sewer)
  A scorpion (D:5)
  2 crimson imps (D:5)
  A bullfrog skeleton (D:4)
  3 orc priests
  A hound (D:4)
  A centaur skeleton (D:4)
  Ijyb (D:3)
  An orc wizard (D:6)
  3 worker ants
  An iguana (D:4)
  A mummy (Ossuary)
  6 gnolls
  9 adders
  3 oozes (D:1)
  5 worms
  3 dart slugs
  5 leopard geckos
  15 orcs
  3 giant cockroaches
  12 goblins
  8 hobgoblins
  18 jackals
  12 kobolds
  4 quokkas
  4 ball pythons
  8 bats
  3 frilled lizards
  9 gnoll skeletons (Ossuary)
  A jackal skeleton (D:4)
  8 kobold skeletons (Ossuary)
  A leopard gecko skeleton (D:5)
  8 orc skeletons (Ossuary)
  7 rats
172 creatures vanquished.

Notes
Turn   | Place    | Note
-------+----------+-------------------------------------------
     0 | D:1      | Borgoz the Kobold Gladiator began the quest for the Orb.
     0 | D:1      | Reached XP level 1. HP: 12/12 MP: 1/1
   154 | D:1      | Reached XP level 2. HP: 16/18 MP: 2/2
   314 | D:1      | Reached XP level 3. HP: 22/22 MP: 3/3
   986 | D:2      | Reached XP level 4. HP: 28/28 MP: 4/4
  1120 | D:2      | Found a shattered altar of Ashenzari.
  1299 | D:2      | Became a worshipper of Ashenzari the Shackled
  1437 | D:2      | Found a glowing silver altar of Zin.
  1437 | D:2      | Found a radiant altar of Vehumet.
  1441 | D:2      | Reached skill level 5 in Short Blades
  1601 | D:3      | Found an ancient bone altar of Kikubaaqudgha.
  1615 | D:3      | Reached skill level 1 in Armour
  1702 | D:3      | Reached XP level 5. HP: 32/32 MP: 5/5
  1711 | D:3      | Found a glowing drain.
  1728 | Sewer    | Entered a sewer
  1786 | Sewer    | Noticed a big kobold
  1816 | Sewer    | Killed a big kobold
  1950 | Sewer    | Found a white marble altar of Elyvilon.
  2091 | D:3      | Reached XP level 6. HP: 32/38 MP: 6/6
  2298 | D:3      | Reached skill level 5 in Dodging
  2375 | D:3      | Noticed Grinder
  2376 | D:3      | Paralysed by Grinder for 3 turns
  2384 | D:3      | Paralysed by Grinder for 2 turns
  2411 | D:3      | Killed Grinder
  2411 | D:3      | Reached skill level 6 in Short Blades
  2411 | D:3      | Reached XP level 7. HP: 9/44 MP: 7/7
  3033 | D:3      | Noticed Ijyb
  3054 | D:3      | Killed Ijyb
  3084 | D:3      | Learned a level 3 spell: Confuse
  3243 | D:4      | Found a sand-covered staircase.
  3277 | Ossuary  | Entered an ossuary
  3277 | Ossuary  | Noticed a wraith
  3277 | Ossuary  | Noticed a wraith
  3277 | Ossuary  | Noticed a wraith
  3524 | Ossuary  | Noticed a wraith
  3563 | Ossuary  | Killed a wraith
  3563 | Ossuary  | Reached skill level 5 in Fighting
  3748 | D:4      | Found a hazy altar of Hepliaklqana.
  3946 | D:4      | Reached skill level 7 in Short Blades
  3946 | D:4      | Reached XP level 8. HP: 40/49 MP: 8/8
  4264 | D:4      | Found a glowing golden altar of the Shining One.
  4339 | D:4      | Found a staircase to the Ecumenical Temple.
  4371 | Temple   | Entered the Ecumenical Temple
  4802 | D:4      | Found a basalt altar of Yredelemnul.
  4811 | D:4      | Found a glowing golden altar of the Shining One.
  4813 | D:4      | Noticed an angel
  5117 | D:5      | Entered Level 5 of the Dungeon
  5182 | D:5      | Reached * piety under Ashenzari
  5378 | D:5      | Found Nedus's Weapon Boutique.
  5420 | D:5      | Bought a +2 short sword of venom for 234 gold pieces
  6066 | D:5      | Found a snail-covered altar of Cheibriados.
  6141 | D:6      | Reached skill level 8 in Short Blades
  6158 | D:6      | Slain by a gnoll

Levels and vault maps discovered:
D:1:      tarquinn_simple_flora_water_b, layout_loops_ring, st_stairs_3,
          minmay_shallow_snake_nest
D:2:      layout_basic, lemuel_crystal_altar, gammafunk_temple_overflow_pools
D:3:      kennysheep_goblin_castle, layout_basic, old_standard_altar,
          first_ration, gup_sewer_entry_pipe, kennysheep_pointless_box,
          uniq_grinder
D:4:      layout_loops_ring, grunt_temple_overflow_holy_war, old_standard_altar,
          minmay_temple_entry_crystal_x, lightli_ossuary_entry_decrepit_ruins,
          tso_metal_star
D:5:      layout_basic, cheibriados_altar_1, serial_shops, nicolae_shop_crystal,
          minmay_starry_boxes
D:6:      layout_basic, corexii_checkpoint_a, ebering_dispersal_statue_hall,
          minmay_circle_x, uniq_prince_ribbit1
Temple:   jpeg_temple_alley_garden

Skill      XL: |  1  2  3  4  5  6  7  8 |
---------------+-------------------------+-----
Dodging        | 4 5 6 7 |  7.1
Fighting       | 3 4 5 6 |  6.1
Short Blades   | 5 6 7 8 |  8.0
Armour         | 1 2 3 |  3.1
Throwing       | |  2.1

Action                   |  1- 3 |  4- 6 |  7- 9 || total
-------------------------+-------+-------+-------++-------
Melee: Rapier            |    92 |    77 |   229 ||   398
       Dagger            |       |   129 |   211 ||   340
       Short sword       |       |       |    55 ||    55
Throw: Throwing net      |       |     3 |     4 ||     7
  Use: Potion            |       |     1 |     1 ||     2
       Scroll            |       |       |    10 ||    10
 Stab: Held in net/web   |       |     2 |     1 ||     3
       Sleeping          |       |       |     3 ||     3
  Eat: Chunk             |     9 |     4 |    13 ||    26
Armor: Leather armour    |    33 |    64 |    85 ||   182
Dodge: Dodged            |    84 |   159 |   416 ||   659

Table legend:
 A = Non-vault XP
 B = Vault XP
 C = Vault XP percentage of total XP
 D = Non-vault monster count
 E = Vault monster count
 F = Vault count percentage of total count
                 A         B        C        D         E       F
            +---------+---------+-------+---------+---------+-------
      Total |     921 |     868 |  48.5 |     110 |      62 |  36.0
            +---------+---------+-------+---------+---------+-------
        D:1 |      36 |       5 |  12.2 |      13 |       4 |  23.5
        D:2 |      68 |       0 |   0.0 |      18 |       0 |   0.0
        D:3 |      88 |     324 |  78.6 |      26 |      18 |  40.9
        D:4 |     365 |       0 |   0.0 |      35 |       0 |   0.0
        D:5 |     244 |     178 |  42.2 |      12 |       3 |  20.0
        D:6 |     120 |      13 |   9.8 |       6 |       1 |  14.3
      Sewer |       0 |     105 | 100.0 |       0 |       9 | 100.0
    Ossuary |       0 |     243 | 100.0 |       0 |      27 | 100.0
            +---------+---------+-------+---------+---------+-------
